Match 46799873
Unlisted

Match 46799873
End
Construct Section Command Post
Selects Australian Defense Battlegroup
Selects Australian Light Infantry Section
Australian Light Infantry Section
Construct Section Command Post
Australian Light Infantry Section
Vickers Machine Gun Team
Construct Field Infirmary
Australian Light Infantry Section
Selects 2-pounder Anti-tank Gun Team
Vickers Machine Gun Team
2-pounder Anti-tank Gun Team
Construct Platoon Command Post
Construct Company Command Post
Selects Vehicle Over Repair
Royal Engineer Section
Royal Engineer Section
Matilda II Heavy Tank
Selects CMP 15cwt Supply Run
Selects Reinforced Resource Caches
Matilda II Heavy Tank
Selects Charged Creeping Barrage
Matilda II Heavy Tank
Charged Creeping Barrage
6-pounder Anti-tank Gun Team
Royal Engineer Section
6-pounder Anti-tank Gun Team
Angrybirds
P3prime
Lardt
엽하
0
0

Comments sign in to comment!

No comments posted yet!